 Dungeon Crawl Stone Soup version 0.16.2-12-gd0ad4c3 (webtiles) character file.

657530 faibistes the Archmage (level 27, -3/246 HPs)
             Began as a Deep Elf Wizard on Dec 2, 2017.
             Was the Champion of Sif Muna.
             Slain by a golden dragon (39 damage)
             ... on level 4 of the Realm of Zot on Dec 4, 2017.
             The game lasted 08:22:15 (127876 turns).

faibistes the Archmage (Deep Elf Wizard)          Turns: 127876, Time: 08:22:15

Health: -3/246     AC: 19    Str:  9    XL:     27
Magic:  64/68      EV: 17    Int: 48    God:    Sif Muna [******]
Gold:   2134       SH:  0    Dex: 13    Spells: 12 memorised, 4 levels left

rFire  . . .     SeeInvis .     w - staff of power
rCold  . . .     Rnd*Rage +     P - +2 robe {Archmagi}
rNeg   . . .     SustAb   .     (no shield)
rPois  .         Gourm    .     K - +2 helmet {Int+3}
rElec  .         Spirit   .     a - +2 cloak
rCorr  .         Warding  .     I - +1 pair of gloves "Moen Plu" {Int+6}
rMut   .         Stasis   .     X - +2 pair of boots
MR     ++...                    R - amulet of regeneration
Stlth  ..........               G - ring of wizardry
                                l - ring of magical power

@: berserking, deflect missiles, very quick, very resistant to hostile
enchantments, extremely unstealthy
A: claws 1, iridescent scales 1, berserk 1, clever 1
a: Channel Energy, Forget Spell, Renounce Religion
}: 3/15 runes: decaying, serpentine, silver


You were on level 4 of the Realm of Zot.
You worshipped Sif Muna.
Sif Muna was exalted by your worship.
You were not hungry.

You visited 11 branches of the dungeon, and saw 56 of its levels.
You also visited: Trove.

You collected 7843 gold pieces.
You spent 5709 gold pieces at shops.

Inventory:

Hand weapons
 m - the +11 dagger of Fedhas' Reproof {flame, +Fly rF++ rN+ MR+ Stlth-}
   (You found it in a treasure trove)

   It has been specially enchanted to burn those struck by it, causing extra
   injury to most foes and up to half again as much damage against particularly
   susceptible opponents.
   It greatly protects you from fire.
   It protects you from negative energy.
   It affects your resistance to hostile enchantments.
   It lets you fly.
   It makes you less stealthy.
 u - the +11 dagger of the Water Diviner {drain, MR++ Stlth-}
   (You found it on level 11 of the Dungeon)

   A truly terrible weapon, it drains the life of those it strikes.
   It affects your resistance to hostile enchantments.
   It makes you less stealthy.
Armour
 a - a +2 cloak (worn)
 I - the +1 pair of gloves "Moen Plu" (worn) {Int+6}
   (You found it on level 3 of the Elven Halls)

   It affects your intelligence (+6).
 K - a +2 helmet of intelligence (worn)
 P - a +2 robe of the Archmagi (worn)
 X - a +2 pair of boots (worn)
Magical staves
 w - an uncursed staff of power (weapon)
 H - an uncursed staff of air
Rods
 W - a +2 rod of clouds (9/9)
   (You found it on level 2 of the Depths)
Jewellery
 k - an uncursed ring of see invisible
 l - a ring of magical power (left hand)
 y - an uncursed amulet of resist mutation
 G - a ring of wizardry (right hand)
 M - the ring "Tran" {rF+ rC+ rN+ Dex+3 Slay+3}
   (You took it off a vampire on level 2 of the Depths)

   [ring of positive energy]

   It affects your dexterity (+3).
   It affects your accuracy and damage with ranged weapons and melee attacks
   (+3).
   It protects you from fire.
   It protects you from cold.
   It protects you from negative energy.
 R - an amulet of regeneration (around neck)
Magical devices
 A - a wand of cold (1)
 B - a wand of fire (8)
 C - a wand of cold (10)
 D - a wand of teleportation (2)
 L - a wand of fireball (0)
 O - a wand of cold (7)
 V - a wand of cold (5)
Scrolls
 b - 3 scrolls of fog
 c - 7 scrolls of magic mapping
 f - 4 scrolls of recharging
 h - 3 scrolls of summoning
 n - 23 scrolls of teleportation
 q - 2 scrolls of holy word
 x - 12 scrolls of fear
 z - 5 scrolls of blinking
 E - 18 scrolls of identify
 J - 14 scrolls of remove curse
 S - 5 scrolls of immolation
Potions
 i - 10 potions of curing
 j - 7 potions of brilliance
 p - 2 potions of magic
 r - 11 potions of heal wounds
 s - 2 potions of cancellation
 t - a potion of invisibility
 v - 6 potions of haste
 N - 2 potions of ambrosia
 Q - 9 potions of flight
 T - 2 potions of restore abilities
 U - 5 potions of resistance
 Z - 7 potions of cure mutation
Comestibles
 d - 10 bread rations
 o - 25 meat rations


   Skills:
 + Level 14.8 Fighting
 - Level 10.0 Dodging
 - Level 2.4 Stealth
 O Level 27 Spellcasting
 + Level 21.5 Conjurations
 - Level 12.0 Charms
   Level 4.1 Summonings
 * Level 10.9 Necromancy
 - Level 10.4 Translocations
   Level 3.0 Transmutations
 + Level 21.9 Fire Magic
 + Level 13.1 Ice Magic
 - Level 5.0 Air Magic
 + Level 21.7 Earth Magic
   Level 2.7 Poison Magic
 - Level 10.0 Invocations
 - Level 9.1 Evocations


You had 4 spell levels left.
You knew the following spells:

 Your Spells              Type           Power        Failure   Level  Hunger
a - Lehudib's Crystal Sp  Conj/Erth      #########.   1%          8    None
b - Ring of Flames        Chrm/Fire      ########..   1%          7    None
c - Glaciate              Conj/Ice       ########..   4%          9    None
d - Controlled Blink      Tloc           N/A          1%          7    None
e - Fire Storm            Conj/Fire      #########.   1%          9    None
f - Deflect Missiles      Chrm/Air       ########..   1%          6    None
g - Pain                  Necr           ####         0%          1    None
h - Haste                 Chrm           ########     1%          6    None
i - Airstrike             Air            ########..   1%          4    None
m - Shatter               Erth           #########.   1%          9    None
v - Bolt of Fire          Conj/Fire      #########.   0%          6    None
x - Force Lance           Conj/Tloc      ########     0%          4    None


Dungeon Overview and Level Annotations

Branches:
Dungeon (15/15)            Temple (1/1) D:4            Lair (8/8) D:10
  Swamp (5/5) Lair:5        Snake (5/5) Lair:4        Slime (0/6) Lair:7
    Orc (4/4) D:9             Elf (3/3) Orc:3        Vaults (5/5) D:13
  Crypt (0/3) Vaults:3     Depths (5/5) D:15           Hell (1/1)
    Dis (0/7) Hell            Geh (0/7) Hell            Coc (0/7) Hell
    Tar (0/7) Hell            Zot (4/5) Depths:5

Altars:
Ashenzari
Cheibriados
Dithmenos
Elyvilon
Fedhas
Gozag
Kikubaaqudgha
Makhleb
Nemelex Xobeh
Okawaru
Qazlal
Ru
Sif Muna
Trog
Vehumet
Xom
Yredelemnul
Zin
The Shining One
Beogh
Jiyva

Shops:
D:9 [   D:10 :   D:15 !   Orc:1 (   Orc:4 (:(*   Snake:4 *   Vaults:1 =
Vaults:4 [[=!   Vaults:5 *   Depths:4 =%*[}

Portals:
Hell: Depths:1 Depths:2 Depths:3 Depths:4 Depths:5
Abyss: Depths:3 Depths:4 Depths:5
Pandemonium: Depths:3
Ziggurat: Depths:3

Annotations:
Lair:7 1 runed door


Innate Abilities, Weirdness & Mutations

You have sharp fingernails.
You are partially covered in iridescent scales (AC +4).
You tend to lose your temper in combat.
Your mind is acute. (Int +2)


Message History

The bolt of lightning hits you! The golden dragon breathes cold at you.
The bolt of cold misses you. x2
The curse toe calls on the powers of darkness!
The moth of wrath convulses!
The storm dragon convulses!
The golden dragon convulses!
The yellow draconian convulses!
The storm dragon convulses!
The fire dragon convulses!
The golden dragon convulses!
The storm dragon convulses!
Your body is wracked with pain!
* * * LOW HITPOINT WARNING * * *
The moth of wrath bites you!
* * * LOW HITPOINT WARNING * * *
The storm dragon bites you!
* * * LOW HITPOINT WARNING * * *
The storm dragon claws you.
* * * LOW HITPOINT WARNING * * *
The storm dragon tramples you but does no damage.
The storm dragon breathes lightning at you.
You deflect the bolt of lightning! The golden dragon bites you!!!
You die...

. . #... ....
.#... .....
.D.... ......
....... ...D...
..#.D.. .......
....... .....#.
........#........
.......D@yD#
.......D%........
....DX.........
.[..>.....D.!).
......DD.d.d...
....y........
..#..<..#..
z........ ...


You could see a tentacled monstrosity, 3 golden dragons, 4 storm dragons, a
curse toe, a black draconian, a yellow draconian, 3 fire dragons, a death cob
and 2 moths of wrath.

Vanquished Creatures
  An orb of fire (Zot:1)
  3 ancient liches (Vaults:5)
  Boris (twice) (Vaults:3 Depths:5)
  Sojobo (Depths:5)
  A caustic shrike (Depths:5)
  Margery (Vaults:4)
  Saint Roka (Orc:4)
  A curse toe (Zot:2)
  Mara (Vaults:4)
  7 golden dragons
  Geryon (Hell)
  Jory (Vaults:4)
  Xtahua (Depths:4)
  Frederick (Vaults:4)
  A bone dragon (Swamp:5)
  13 tentacled monstrosities
  4 quicksilver dragons
  A deep elf blademaster (Elf:3)
  10 titans
  A deep elf master archer (Elf:3)
  2 liches
  10 sphinxes
  A thorn hunter (Swamp:4)
  Agnes (Vaults:4)
  A storm dragon (shapeshifter) (Depths:5)
  12 tengu reavers
  The ghost of casual the Severer, a mighty GrFi of Cheibriados (Elf:3)
  A shadow dragon (shapeshifter) (Depths:4)
  13 shadow dragons
  Roxanne (D:15)
  2 draconian monks
  14 storm dragons
  21 fire giants
  Donald (Orc:3)
  Wiglaf (Swamp:4)
  5 iron dragons
  5 greater nagas
  Maud (D:14)
  12 vault wardens
  16 frost giants
  2 draconian scorchers (Zot:2)
  A cacodemon (Depths:5)
  5 emperor scorpions
  A curse skull (Hell)
  3 draconian zealots
  8 deep elf sorcerers
  2 draconian knights (Zot:2)
  13 very ugly things
  4 spriggan defenders (Depths:5)
  Jorgrun (Swamp:4)
  5 reapers (Hell)
  13 ironheart preservers
  7 draconian annihilators
  4 war gargoyles
  5 grey draconians
  29 stone giants
  3 draconian shifters (Zot:1)
  2 vampire knights
  2 draconian callers
  3 lorocyprocas (Hell)
  3 green draconians
  10 deep elf demonologists
  3 salamander firebrands
  4 mottled draconians
  4 purple draconians
  9 deep elf annihilators
  10 pale draconians
  3 black draconians
  9 yellow draconians
  The ghost of pedritolo the Covert, a powerful SpEn of Dithmenos (Snake:4)
  5 red draconians
  3 white draconians
  11 dire elephants
  4 minotaurs
  Snorg (Lair:4)
  10 deep elf death magi
  A blizzard demon (Hell)
  28 fire dragons
  A crystal guardian (Vaults:3)
  36 vault guards
  Josephine (D:12)
  29 ettins
  7 deep elf high priests
  8 death cobs
  21 yaktaur captains
  The ghost of DEFE the Bewitcher, a powerful DEWr of Sif Muna (Lair:3)
  3 hell beasts (Hell)
  25 ice dragons
  18 ogre magi
  13 great orbs of eyes
  16 hydras
  8 spriggan air magi
  10 naga warriors
  A ghost crab (shapeshifter) (Depths:3)
  16 deep troll shamans
  7 rakshasas
  3 catoblepae (Lair:8)
  8 anacondas
  Erica (D:15)
  13 centaur warriors
  14 alligators
  15 dancing weapons
  19 deep troll earth magi
  2 ghost crabs
  8 spriggan berserkers
  3 tengu warriors
  2 death knights (Vaults:3)
  4 hell hogs (Hell)
  8 sun demons
  7 soul eaters
  45 death yaks
  12 naga sharpshooters
  8 shock serpents
  8 orc high priests
  30 deep elf knights
  2 iron golems (Hell)
  7 salamander mystics
  2 spriggan riders (Depths:5)
  25 hell knights
  3 shadow wraiths
  3 sea snakes (Snake:3)
  A skeletal warrior (Vaults:1)
  A sea snake (shapeshifter) (Vaults:5)
  7 iron trolls
  2 death drakes (shapeshifter)
  5 spriggan druids
  48 deep trolls
  7 flayed ghosts
  A fire crab (Vaults:1)
  A shadow demon (Vaults:5)
  5 ice devils (Hell)
  3 anaconda zombies (Hell)
  A swamp dragon (shapeshifter) (Vaults:5)
  4 unseen horrors
  9 naga ritualists
  5 wizards
  A lindwurm (Lair:8)
  3 spectral hydras
  2 deep trolls (shapeshifter)
  8 giant orange brains
  12 ironbrand convokers
  A lindwurm (shapeshifter) (Vaults:3)
  4 swamp dragons
  2 ice statues (Hell)
  18 deep elf summoners
  A tengu zombie (Hell)
  A wolf spider zombie (D:15)
  Pikel (D:9)
  5 shambling mangroves
  16 hill giants
  5 harpies
  7 necromancers
  10 orc knights
  30 salamanders
  A manticore (Lair:5)
  An oklob plant (Swamp:5)
  15 mana vipers
  5 phantasmal warriors
  71 ugly things
  5 cyclopes
  6 griffons
  A frost giant zombie (Hell)
  A hill giant (shapeshifter) (Depths:2)
  5 hornets
  24 deep elf conjurers
  11 orc sorcerers
  19 moths of wrath
  An octopode (shapeshifter) (Depths:4)
  An orb spider (shapeshifter) (Vaults:5)
  5 wolf spiders
  A moth of wrath (shapeshifter) (Vaults:2)
  A draconian (shapeshifter) (Depths:1)
  3 elephants (shapeshifter)
  3 guardian serpents (Snake:4)
  A dire elephant zombie (Hell)
  12 elephants
  5 rust devils
  A centaur zombie (D:11)
  2 sixfirhies
  Joseph (Orc:1)
  16 vault sentinels
  26 spiny frogs
  38 black mambas
  A spiny frog (shapeshifter) (Vaults:3)
  3 orange demons
  22 naga magi
  2 gargoyles
  4 torpor snails
  Psyche (D:10)
  2 smoke demons
  A death yak zombie (Hell)
  A hellion (Hell)
  A molten gargoyle (Depths:3)
  A hellwing (Depths:3)
  9 fire drakes
  14 komodo dragons
  51 yaktaurs
  4 swamp worm zombies (Swamp:5)
  An efreet (D:15)
  14 trolls
  A jumping spider (shapeshifter) (Vaults:2)
  6 hydra zombies
  2 kobold demonologists (Vaults:2)
  A blue devil (Depths:5)
  5 giant leeches
  A wandering mushroom (Zot:2)
  2 trolls (shapeshifter)
  4 red devils
  A jumping spider (Elf:1)
  23 deep elf priests
  A polar bear (Lair:8)
  2 freezing wraiths
  A two-headed ogre (shapeshifter) (Elf:2)
  28 two-headed ogres
  2 slime creatures (shapeshifter)
  16 bog bodies
  Prince Ribbit (D:9)
  A wind drake (shapeshifter) (Depths:4)
  An ugly thing zombie (Depths:1)
  43 fire vortices
  4 tengu conjurers
  6 alligator zombies
  7 boulder beetles
  An ettin zombie (Hell)
  38 slime creatures
  A wind drake (Zot:2)
  4 baby alligators
  15 ravens
  4 shadows
  A trapdoor spider (shapeshifter) (Depths:4)
  A spectral swamp dragon (Swamp:5)
  2 air elementals (Depths:3)
  A spriggan zombie (Hell)
  7 basilisks
  The ghost of DEFE the Cutter, an average DEWr of Sif Muna (D:3)
  3 redbacks (Vaults:3)
  3 water elementals
  26 blink frogs
  26 deep elf magi
  7 fire elementals
  2 vampires
  16 spriggans
  2 hungry ghosts (D:15)
  4 wraiths
  11 wyverns
  An elf zombie (Hell)
  43 yaks
  A human (shapeshifter) (Vaults:5)
  Grum (D:10)
  19 hippogriffs
  A steam dragon (Lair:7)
  33 deep elf fighters
  2 mottled dragons
  2 soldier ants
  51 vampire mosquitoes
  17 wolves
  2 wargs (Orc:4)
  27 swamp worms
  The ghost of DEFE the Cutter, an average DEWr of Ashenzari (D:4)
  13 insubstantial wisps
  15 porcupines
  3 hell hounds
  A spiny frog zombie (Hell)
  A hydra simulacrum (Hell)
  64 nagas
  5 sky beasts
  5 large abominations (Depths:1)
  41 water moccasins
  61 orc warriors
  A slave (D:8)
  A black bear (D:11)
  12 phantoms
  A sky beast (shapeshifter) (D:13)
  15 wasps
  2 swamp dragon zombies (Swamp:5)
  13 swamp drakes
  11 boggarts
  76 ogres
  3 ice beasts
  15 centaurs
  A yaktaur zombie (Vaults:3)
  16 crocodiles
  3 big kobolds
  A boring beetle (Lair:5)
  23 giant frogs
  3 lost souls
  A gnoll sergeant (D:7)
  7 small abominations (Depths:1)
  A spiny frog simulacrum (Hell)
  5 scorpions
  A wyvern skeleton (D:14)
  6 wights
  13 killer bees
  A spriggan skeleton (D:9)
  A troll skeleton (D:9)
  4 electric eels
  A yaktaur simulacrum (Vaults:1)
  A quasit (D:13)
  A wasp zombie (D:10)
  2 goliath beetles
  A hound (shapeshifter) (Vaults:1)
  14 hounds
  5 lava snakes (Snake:4)
  8 crimson imps
  4 giant frog skeletons
  8 jellies
  Crazy Yiuf (D:5)
  13 centaur skeletons
  10 worker ants
  An iron imp (Hell)
  42 orc wizards
  9 iguanas
  A spectral swamp drake (Swamp:5)
  44 orc priests
  3 hell rats
  41 sheep
  A boulder beetle simulacrum (Vaults:2)
  A killer bee zombie (D:7)
  Ijyb (D:2)
  Jessica (D:3)
  A hound zombie (D:10)
  3 hound skeletons
  2 mummies
  3 swamp drake zombies (Swamp:5)
  A worker ant zombie (D:6)
  Robin (D:2)
  23 adders
  9 gnolls
  43 river rats
  3 shadow imps
  A giant mite (D:3)
  2 white imps (Hell)
  4 worms
  5 orc zombies
  An adder skeleton (D:9)
  7 giant geckos
  336 orcs
  A bat skeleton (D:5)
  44 hobgoblins
  15 jackals
  17 quokkas
  4 ball pythons
  26 bats
  6 giant cockroaches
  A giant cockroach zombie (D:5)
  A giant gecko skeleton (D:4)
  3 giant newts
  A giant spore (D:7)
  39 goblins
  29 kobolds
  10 rats
  14 ballistomycetes
  3 blocks of ice
  4 fungi
  8 plants
3387 creatures vanquished.

Vanquished Creatures (collateral kills)
  A tentacled monstrosity (Zot:1)
  A draconian zealot (Zot:2)
  2 very ugly things (Depths:5)
  A draconian shifter (Zot:3)
  A grey draconian (Zot:1)
  2 white draconians
  An ettin (Zot:1)
  A death yak (Depths:1)
  A phantasmal warrior (Vaults:5)
  A moth of wrath (Zot:2)
  A smoke demon (Hell)
  A hungry ghost (D:11)
  A deep elf fighter (Elf:3)
  A spiny frog zombie (Hell)
  A centaur (Depths:1)
  A quasit (D:10)
  A worm (D:2)
  4 crawling corpses (Elf:3)
23 creatures vanquished.

Vanquished Creatures (others)
  A draconian monk (Zot:2)
  A draconian knight (Zot:2)
  A draconian shifter (Zot:2)
  A grey draconian (Zot:2)
  A mottled draconian (Zot:2)
  4 pale draconians (Zot:2)
  A red draconian (Zot:2)
  2 hill giants (D:10)
  A rust devil (Vaults:4)
  A moth of wrath (Zot:2)
  175 fire vortices
  A deep elf mage (Elf:3)
  A slave (D:9)
  A water moccasin (shapeshifter) (Vaults:4)
  A swamp drake (Swamp:5)
  A lightning spire (Snake:5)
  6 lost souls (Hell)
  A giant frog (D:10)
  A killer bee (D:11)
  A scorpion (D:10)
  A white imp (D:10)
  An orc (D:10)
  A bat (D:10)
  4 giant spores
  A ballistomycete (D:12)
  12 blocks of ice
  A crawling corpse (Elf:3)
  38 fungi
  37 plants
299 creatures vanquished.

Grand Total: 3709 creatures vanquished

Notes
Turn   | Place    | Note
--------------------------------------------------------------
     0 | D:1      | faibistes, the Deep Elf Wizard, began the quest for the Orb.
     0 | D:1      | Reached XP level 1. HP: 10/10 MP: 6/6
   386 | D:1      | Reached XP level 2. HP: 15/15 MP: 5/10
   454 | D:1      | Learned a level 2 spell: Blink
   457 | D:1      | Learned a level 2 spell: Call Imp
  1598 | D:2      | Reached skill level 5 in Spellcasting
  1598 | D:2      | Reached XP level 3. HP: 19/19 MP: 2/14
  1603 | D:2      | Learned a level 3 spell: Conjure Flame
  1607 | D:2      | Learned a level 3 spell: Mephitic Cloud
  1834 | D:2      | Noticed Robin
  1853 | D:2      | Killed Robin
  2246 | D:2      | Found a shattered altar of Ashenzari.
  2567 | D:2      | Reached XP level 4. HP: 24/24 MP: 17/17
  2574 | D:2      | Learned a level 2 spell: Repel Missiles
  3064 | D:2      | Noticed Ijyb
  3403 | D:2      | Killed Ijyb
  3782 | D:3      | Reached XP level 5. HP: 28/28 MP: 13/20
  3869 | D:5      | Entered Level 5 of the Dungeon
  3982 | D:3      | Noticed DEFE's ghost (average DEWr)
  3992 | D:3      | Killed DEFE's ghost
  3992 | D:3      | Reached skill level 6 in Spellcasting
  3992 | D:3      | Reached XP level 6. HP: 30/32 MP: 7/22
  4723 | D:3      | Found a sparkling altar of Nemelex Xobeh.
  4724 | D:3      | Noticed Jessica
  4726 | D:3      | Killed Jessica
  5355 | D:4      | Reached skill level 7 in Spellcasting
  5878 | D:4      | Noticed DEFE's ghost (average DEWr)
  5890 | D:4      | Killed DEFE's ghost
  5890 | D:4      | Reached skill level 1 in Fighting
  5890 | D:4      | Reached skill level 1 in Evocations
  5890 | D:4      | Reached XP level 7. HP: 25/38 MP: 19/25
  6535 | D:4      | Found a shimmering altar of Xom.
  6535 | D:4      | Found a shadowy altar of Dithmenos.
  6603 | D:4      | Found a staircase to the Ecumenical Temple.
  6609 | Temple   | Entered the Ecumenical Temple
  6958 | D:5      | Noticed a sky beast
  6971 | D:5      | Killed a sky beast
  7070 | D:5      | Reached skill level 8 in Spellcasting
  7235 | D:5      | Reached skill level 5 in Dodging
  7545 | D:5      | Noticed Crazy Yiuf
  7553 | D:5      | Killed Crazy Yiuf
  7908 | D:6      | Reached XP level 8. HP: 29/45 MP: 17/27
  8383 | D:6      | Reached skill level 9 in Spellcasting
  9695 | D:7      | Reached skill level 10 in Spellcasting
  9822 | D:7      | Reached XP level 9. HP: 49/52 MP: 24/30
 10558 | D:7      | Reached skill level 5 in Fighting
 10865 | D:7      | Found a bloodstained altar of Trog.
 11034 | D:7      | Reached skill level 11 in Spellcasting
 11034 | D:7      | Reached skill level 5 in Evocations
 11753 | D:9      | Noticed Prince Ribbit
 11764 | D:9      | Killed Prince Ribbit
 11767 | D:9      | Noticed a cyclops
 12104 | D:8      | Found an iron altar of Okawaru.
 12211 | D:8      | Found a white marble altar of Elyvilon.
 12283 | D:8      | Found a deep blue altar of Sif Muna.
 12287 | D:8      | Became a worshipper of Sif Muna the Loreminder
 12492 | D:9      | Found a staircase to the Orcish Mines.
 12686 | D:8      | Found an iron altar of Okawaru.
 12869 | D:9      | Killed a cyclops
 12869 | D:9      | Reached skill level 1 in Fire Magic
 12869 | D:9      | Reached skill level 1 in Air Magic
 12869 | D:9      | Reached XP level 10. HP: 27/60 MP: 10/32
 13004 | D:9      | Found Peoror's Antique Armour Shoppe.
 13053 | D:9      | Noticed Pikel
 13099 | D:9      | Killed Pikel
 13099 | D:9      | Reached skill level 5 in Conjurations
 13099 | D:9      | Reached skill level 1 in Poison Magic
 13149 | D:9      | Bought a pair of distressingly furry boots for 256 gold pieces
 13159 | D:9      | Identified the +1 pair of boots "Agimexto" {-Tele rElec Str+4} (You bought it in a shop on level 9 of the Dungeon)
 13197 | D:10     | Entered Level 10 of the Dungeon
 13197 | D:10     | Noticed Psyche
 13210 | D:10     | Killed Psyche
 13210 | D:10     | Acquired Sif Muna's first power
 13264 | D:11     | Noticed a hill giant
 13393 | D:10     | Killed a hill giant
 13483 | D:9      | Noticed an unseen horror
 13598 | D:9      | Found a runed door.
 14055 | D:9      | Learned a level 5 spell: Venom Bolt
 14075 | D:10     | Noticed a hill giant
 14092 | D:10     | Killed a hill giant
 14092 | D:10     | Reached skill level 12 in Spellcasting
 14092 | D:10     | Reached skill level 1 in Charms
 14092 | D:10     | Reached skill level 1 in Invocations
 14095 | D:10     | Acquired Sif Muna's second power
 14372 | D:9      | Learned a level 2 spell: Swiftness
 14378 | D:9      | Learned a level 5 spell: Lightning Bolt
 14409 | D:9      | Learned a level 4 spell: Petrify
 14737 | D:9      | Killed an unseen horror
 14863 | D:9      | Learned a level 5 spell: Ignite Poison
 14959 | D:10     | Found Cheriem's Book Emporium.
 14971 | D:10     | Noticed Grum
 14996 | D:10     | Reached skill level 1 in Earth Magic
 15181 | D:10     | Reached XP level 11. HP: 62/64 MP: 24/34
 15189 | D:10     | Killed Grum
 15189 | D:10     | Reached skill level 1 in Transmutations
 15312 | D:10     | Noticed an unseen horror
 15333 | D:10     | Killed an unseen horror
 15502 | D:10     | Found a staircase to the Lair.
 15564 | D:10     | Found a shimmering altar of Xom.
 15732 | D:11     | Noticed a hill giant
 15737 | D:11     | Noticed an eight-headed hydra
 15737 | D:11     | Noticed a hill giant
 16476 | D:11     | Killed a hill giant
 16752 | D:11     | Killed a hill giant
 16840 | D:11     | Killed an eight-headed hydra
 17157 | D:11     | Got a scorched dagger
 17158 | D:11     | Identified the +11 dagger of the Water Diviner {drain, MR++ Stlth-} (You found it on level 11 of the Dungeon)
 17251 | D:11     | Noticed a hill giant
 17259 | D:11     | Killed a hill giant
 17259 | D:11     | Acquired Sif Muna's third power
 17426 | D:11     | Killed a hill giant
 17529 | D:11     | You fall through a shaft!
 17792 | D:10     | Bought a book of Geomancy for 420 gold pieces
 17798 | D:10     | Learned a level 5 spell: Lee's Rapid Deconstruction
 17819 | D:10     | Noticed a hill giant
 17820 | D:10     | Noticed a hill giant
 17825 | D:10     | Killed a hill giant
 17854 | D:10     | Killed a hill giant
 17854 | D:10     | Reached skill level 5 in Air Magic
 18062 | Lair:1   | Entered Level 1 of the Lair of Beasts
 18078 | Lair:1   | Noticed an eight-headed hydra
 18325 | Lair:1   | Found an iron altar of Okawaru.
 18507 | Lair:2   | Reached XP level 12. HP: 63/71 MP: 29/35
 19046 | Lair:1   | Reached skill level 13 in Spellcasting
 19047 | Lair:1   | Reached skill level 5 in Fire Magic
 19384 | Lair:1   | Killed an eight-headed hydra
 20214 | Lair:2   | Reached skill level 5 in Earth Magic
 20304 | Lair:2   | Reached skill level 5 in Invocations
 20342 | Lair:2   | Identified the Almanac of Unholy Summoning
 21119 | Lair:2   | Got an ichor-stained whip
 21120 | Lair:2   | Identified the +7 whip "Coicau" {antimagic, rElec rC+ MP-9 Int+3 SInv} (You found it on level 2 of the Lair of Beasts)
 21698 | Lair:2   | Reached skill level 5 in Charms
 22112 | Lair:4   | Noticed Snorg
 22121 | Lair:4   | Killed Snorg
 22403 | Lair:3   | Noticed DEFE's ghost (powerful DEWr)
 22405 | Lair:4   | Found a staircase to the Snake Pit.
 22980 | Lair:3   | Killed DEFE's ghost
 24392 | Lair:5   | Learned a level 4 spell: Airstrike
 24762 | Lair:2   | Learned a level 6 spell: Deflect Missiles
 25075 | Lair:5   | Reached XP level 13. HP: 76/76 MP: 23/36
 25106 | Lair:6   | Noticed a seven-headed hydra
 25412 | Lair:2   | Learned a level 4 spell: Airstrike
 27041 | Lair:5   | Found a staircase to the Swamp.
 27398 | Lair:6   | Killed a seven-headed hydra
 27398 | Lair:6   | Reached skill level 5 in Translocations
 27876 | Lair:6   | Reached skill level 14 in Spellcasting
 29196 | Lair:6   | Received a gift from Sif Muna
 29197 | Lair:6   | Identified Sif Muna's Reference Book on Igneous Conjuration (Sif Muna gifted it to you on level 6 of the Lair of Beasts)
 29412 | Lair:5   | Learned a level 5 spell: Bolt of Magma
 29570 | Lair:8   | Entered Level 8 of the Lair of Beasts
 29971 | Lair:7   | Found a runed door.
 29971 | Lair:7   | Found a viscous altar of Jiyva.
 29971 | Lair:7   | Found a staircase to the Slime Pits.
 31096 | Lair:7   | Reached XP level 14. HP: 82/82 MP: 5/38
 33166 | Lair:8   | Reached skill level 10 in Dodging
 33711 | Lair:8   | Received a gift from Sif Muna
 33745 | Lair:8   | Identified Sif Muna's Collected Works on Orientation (Sif Muna gifted it to you on level 8 of the Lair of Beasts)
 33751 | Lair:8   | Learned a level 4 spell: Force Lance
 35397 | Lair:8   | Reached skill level 15 in Spellcasting
 36189 | Lair:8   | Reached XP level 15. HP: 46/88 MP: 16/39
 37129 | Orc:1    | Entered Level 1 of the Orcish Mines
 37606 | Orc:3    | Found a staircase to the Elven Halls.
 37856 | Orc:1    | Found Shruymy's Antique Weapon Shop.
 38009 | Orc:1    | Noticed Joseph
 38013 | Orc:1    | Killed Joseph
 38941 | Orc:2    | Found a bloodstained altar of Trog.
 39382 | Orc:3    | Noticed Donald
 39392 | Orc:3    | Killed Donald
 40471 | Orc:4    | Entered Level 4 of the Orcish Mines
 40767 | Orc:4    | Reached skill level 10 in Fire Magic
 43334 | Orc:4    | Found a roughly hewn altar of Beogh.
 43455 | Orc:4    | Received a gift from Sif Muna
 43456 | Orc:4    | Identified Sif Muna's Thaumaturgy, Part Five (Sif Muna gifted it to you on level 4 of the Orcish Mines)
 43681 | Orc:4    | Found Dupudop's Assorted Antiques.
 43778 | Orc:4    | Bought a runed helmet for 148 gold pieces
 43778 | Orc:4    | Bought a lumpy green potion for 29 gold pieces
 43868 | Orc:4    | Found Brotreutt's Weapon Shoppe.
 45138 | Orc:4    | Noticed Saint Roka
 45568 | Orc:4    | Killed Saint Roka
 45568 | Orc:4    | Reached skill level 10 in Conjurations
 46124 | Orc:4    | Found Fakk's Book Shoppe.
 46177 | Orc:4    | Found a roughly hewn altar of Beogh.
 46537 | Orc:4    | Reached skill level 10 in Earth Magic
 46758 | Orc:4    | Reached skill level 10 in Invocations
 47480 | Orc:4    | Found Supteof's Weapon Emporium.
 47647 | Orc:4    | Reached skill level 16 in Spellcasting
 48198 | Orc:4    | Bought a book of Flames for 525 gold pieces
 48198 | Orc:4    | Bought a book of the Dragon for 1350 gold pieces
 48390 | Lair:2   | Learned a level 5 spell: Fireball
 48398 | Lair:2   | Learned a level 6 spell: Bolt of Fire
 48401 | Lair:2   | Learned a level 2 spell: Swiftness
 48499 | Elf:1    | Entered Level 1 of the Elven Halls
 48539 | Elf:2    | Gained mutation: You are partially covered in iridescent scales (AC +4). [potion of beneficial mutation]
 48540 | Elf:2    | Gained mutation: Your mind is acute. (Int +2) [potion of beneficial mutation]
 49513 | Elf:2    | Reached XP level 16. HP: 72/94 MP: 30/40
 49513 | Elf:2    | Received a gift from Sif Muna
 50657 | Elf:2    | Found a deep blue altar of Sif Muna.
 51312 | Elf:2    | Found a portal to a secret trove of treasure.
 51512 | Elf:2    | Found a huge runed gate.
 51512 | Elf:2    | Found a huge runed gate.
 51512 | Elf:2    | Found a huge runed gate.
 51513 | Elf:2    | Found a huge runed gate.
 51513 | Elf:2    | Found a huge runed gate.
 52083 | Elf:2    | Received a gift from Sif Muna
 52084 | Elf:2    | Identified Sif Muna's Papyrus of Attacks and Earth (Sif Muna gifted it to you on level 2 of the Elven Halls)
 52403 | Elf:2    | Reached skill level 17 in Spellcasting
 53088 | Snake:1  | Entered Level 1 of the Snake Pit
 53481 | Snake:1  | Identified a scroll of acquirement
 53482 | Snake:1  | Identified the Compendium of Confrontation (You acquired it on level 1 of the Snake Pit)
 54096 | Lair:2   | Learned a level 5 spell: Iskenderun's Battlesphere
 55894 | Snake:3  | Reached XP level 17. HP: 100/100 MP: 18/41
 57001 | Snake:3  | Received a gift from Sif Muna
 57002 | Snake:3  | Identified Sif Muna's Compendium of Aid (Sif Muna gifted it to you on level 3 of the Snake Pit)
 57582 | Snake:5  | Entered Level 5 of the Snake Pit
 57653 | Snake:4  | Noticed pedritolo's ghost (powerful SpEn)
 57767 | Snake:4  | Killed pedritolo's ghost
 58302 | Snake:4  | Found Xemmik's General Store.
 58312 | Snake:4  | Bought a scroll of blinking for 120 gold pieces
 58312 | Snake:4  | Bought a potion of heal wounds for 80 gold pieces
 58312 | Snake:4  | Bought a potion of restore abilities for 80 gold pieces
 58312 | Snake:4  | Bought a scroll of amnesia for 56 gold pieces
 58312 | Snake:4  | Bought a scroll of identify for 32 gold pieces
 58312 | Snake:4  | Bought a scroll of remove curse for 48 gold pieces
 60050 | Snake:4  | Reached skill level 18 in Spellcasting
 60385 | Snake:4  | Received a gift from Sif Muna
 60386 | Snake:4  | Identified Sif Muna's Tome of Protection (Sif Muna gifted it to you on level 4 of the Snake Pit)
 62287 | Lair:2   | Learned a level 7 spell: Ring of Flames
 62290 | Lair:2   | Learned a level 2 spell: Swiftness
 62415 | Swamp:1  | Entered Level 1 of the Swamp
 63431 | Swamp:2  | Reached skill level 10 in Charms
 63434 | Swamp:2  | Reached XP level 18. HP: 83/106 MP: 17/43
 64957 | Elf:2    | You paid a toll of a wand of heal wounds (9) to enter a treasure trove
 64958 | Trove    | Entered a treasure trove
 64969 | Trove    | Got a polished dagger
 64970 | Trove    | Identified the +11 dagger of Fedhas' Reproof {flame, +Fly rF++ rN+ MR+ Stlth-} (You found it in a treasure trove)
 64975 | Trove    | Got a bloodstained bardiche
 64976 | Trove    | Identified the +9 bardiche of Trog's Brutal Revenge {flame, Noisy +Blink rN+ Str+3} (You found it in a treasure trove)
 64981 | Trove    | Got a polished spear
 64982 | Trove    | Identified the +8 spear "faibistes' Death" {venom, MR- MP+9 Str+2} (You found it in a treasure trove)
 64990 | Trove    | Got an ebony rapier
 64991 | Trove    | Identified the +6 rapier "Howun" {antimagic, rElec Str+4} (You found it in a treasure trove)
 64995 | Trove    | Got a steaming demon trident
 64996 | Trove    | Identified the +5 demon trident of Benkewn {drain, rN+ Dex+7} (You found it in a treasure trove)
 65610 | Swamp:2  | Received a gift from Sif Muna
 65611 | Swamp:2  | Identified Sif Muna's Grimoire of Scorching Conjuration (Sif Muna gifted it to you on level 2 of the Swamp)
 66442 | Swamp:5  | Entered Level 5 of the Swamp
 66820 | Swamp:5  | Paralysed by a hornet for 2 turns
 68194 | Swamp:4  | Noticed Jorgrun
 68369 | Swamp:4  | Killed Jorgrun
 68385 | Swamp:4  | Noticed Wiglaf
 68513 | Swamp:4  | Killed Wiglaf
 68851 | Swamp:4  | Found an opulent altar of Gozag.
 69403 | Lair:2   | Learned a level 4 spell: Summon Lightning Spire
 69559 | D:12     | Noticed Josephine
 69561 | D:12     | Killed Josephine
 69561 | D:12     | Received a gift from Sif Muna
 69562 | D:12     | Identified Sif Muna's Guide on the Spatial Entourage (Sif Muna gifted it to you on level 12 of the Dungeon)
 69752 | D:12     | Noticed a hill giant
 69754 | D:12     | Killed a hill giant
 70645 | D:13     | Noticed a vault guard
 70666 | D:13     | Killed a vault guard
 70865 | D:13     | Found a gate to the Vaults.
 71163 | D:13     | Reached skill level 19 in Spellcasting
 71175 | D:13     | Noticed an unseen horror
 71177 | D:13     | Killed an unseen horror
 71653 | D:15     | Entered Level 15 of the Dungeon
 71653 | D:15     | Found a blossoming altar of Fedhas.
 71704 | D:15     | Got a distressingly furry cloak
 71715 | D:15     | Identified the +2 cloak of Cesis {-Cast Int+3 Stlth+} (You found it on level 15 of the Dungeon)
 71763 | D:15     | Noticed Erica
 71777 | D:15     | Killed Erica
 71941 | D:15     | Noticed Roxanne
 71946 | D:15     | Killed Roxanne
 72021 | D:15     | Identified Roxanne's Papyrus of the Shifting Rocks (You took it off Roxanne on level 15 of the Dungeon)
 72729 | D:14     | Noticed Maud
 72734 | D:14     | Killed Maud
 72734 | D:14     | Reached skill level 10 in Fighting
 74034 | D:15     | Reached XP level 19. HP: 112/112 MP: 44/44
 74439 | D:15     | Found a staircase to the Depths.
 74635 | D:15     | Found Utoarier's Distillery.
 74713 | D:15     | Bought a potion of magic for 144 gold pieces
 74713 | D:15     | Bought a potion of heal wounds for 90 gold pieces
 74713 | D:15     | Bought a potion of curing for 54 gold pieces
 74822 | D:15     | Received a gift from Sif Muna
 75156 | D:15     | Found a sacrificial altar of Ru.
 75373 | D:11     | Noticed a five-headed hydra
 75375 | D:11     | Killed a five-headed hydra
 75454 | Lair:2   | Learned a level 6 spell: Poisonous Cloud
 76451 | D:9      | Got a wizard robe
 76462 | D:9      | Identified the +0 robe of Freedom {rC+} (You took it off a centaur on level 9 of the Dungeon)
 78656 | Snake:5  | Reached skill level 15 in Fire Magic
 78975 | Snake:5  | Got a serpentine rune of Zot
 79920 | Swamp:5  | Reached skill level 20 in Spellcasting
 80359 | Swamp:5  | Received a gift from Sif Muna
 80360 | Swamp:5  | Identified Shijiol's Catalogue of the Harmful Entourage (Sif Muna gifted it to you on level 5 of the Swamp)
 80521 | Swamp:5  | Noticed a bone dragon
 80923 | Swamp:5  | Killed a bone dragon
 80923 | Swamp:5  | Reached skill level 15 in Conjurations
 80923 | Swamp:5  | Reached skill level 15 in Earth Magic
 81920 | Swamp:5  | Got a decaying rune of Zot
 82282 | Vaults:1 | Entered Level 1 of the Vaults
 82516 | Vaults:1 | Found Raifoosh's Jewellery Boutique.
 83515 | Vaults:1 | Bought an uncursed ring of wizardry for 360 gold pieces
 83515 | Vaults:1 | Bought an uncursed ring of magical power for 240 gold pieces
 83523 | Vaults:1 | Reached XP level 20. HP: 118/118 MP: 41/45
 84633 | Vaults:1 | Received a gift from Sif Muna
 84637 | Vaults:1 | Identified Sif Muna's Reference Book on Destructive Aid (Sif Muna gifted it to you on level 1 of the Vaults)
 86005 | Vaults:1 | Got a twisted helmet
 86017 | Vaults:1 | Identified the +2 helmet "Deofalev" {MR+} (You found it on level 1 of the Vaults)
 88673 | Vaults:2 | Received a gift from Sif Muna
 88738 | Vaults:2 | Reached skill level 21 in Spellcasting
 89254 | Lair:2   | Learned a level 8 spell: Lehudib's Crystal Spear
 90589 | Vaults:3 | Noticed Boris
 90740 | Vaults:3 | Killed Boris
 90740 | Vaults:3 | Reached XP level 21. HP: 121/124 MP: 26/46
 92213 | Vaults:3 | Received a gift from Sif Muna
 92222 | Vaults:3 | Identified Sif Muna's Almanac of Conjuration and the Birds (Sif Muna gifted it to you on level 3 of the Vaults)
 92508 | Vaults:3 | Found a staircase to the Crypt.
 92740 | Vaults:4 | Found Keriunul's Armour Shoppe.
 92741 | Vaults:4 | Noticed Agnes
 92745 | Vaults:4 | Killed Agnes
 92750 | Vaults:4 | Noticed Frederick
 92755 | Vaults:4 | Killed Frederick
 93259 | Vaults:4 | Noticed Margery
 93293 | Vaults:4 | Killed Margery
 93584 | Vaults:4 | Found Ygaag's Distillery.
 93587 | Vaults:4 | Bought a potion of cancellation for 160 gold pieces
 93587 | Vaults:4 | Bought a potion of resistance for 200 gold pieces
 93587 | Vaults:4 | Bought a potion of resistance for 200 gold pieces
 93665 | Vaults:4 | Noticed Mara
 93680 | Vaults:4 | Killed Mara
 94189 | Vaults:4 | Found Praikug's Jewellery Shop.
 94298 | Vaults:4 | Noticed Jory
 94303 | Vaults:4 | Killed Jory
 94303 | Vaults:4 | Received a gift from Sif Muna
 94304 | Vaults:4 | Identified Sif Muna's Papyrus of Fiery Confrontation (Sif Muna gifted it to you on level 4 of the Vaults)
 94521 | Vaults:4 | Found Cyitoi's Armour Shoppe.
 95360 | Depths:1 | Entered Level 1 of the Depths
 95365 | Depths:1 | Reached skill level 22 in Spellcasting
 95515 | Depths:1 | Found a gateway to Hell.
 96554 | Depths:2 | Reached XP level 22. HP: 126/131 MP: 46/47
 97842 | Depths:2 | Received a gift from Sif Muna
 97843 | Depths:2 | Identified Sif Muna's Papyrus of Flamy Battle Magic (Sif Muna gifted it to you on level 2 of the Depths)
 99222 | Depths:2 | Identified a +2 rod of clouds (9/9) (You found it on level 2 of the Depths)
100024 | Depths:2 | Received a gift from Sif Muna
100036 | Depths:2 | Identified Sif Muna's Intricacies of Witchery (Sif Muna gifted it to you on level 2 of the Depths)
100266 | Depths:2 | Got a sparkling copper ring
100268 | Depths:2 | Identified the ring "Tran" {rF+ rC+ rN+ Dex+3 Slay+3} (You took it off a vampire on level 2 of the Depths)
100912 | Lair:2   | Learned a level 9 spell: Fire Storm
100923 | Lair:2   | Learned a level 9 spell: Shatter
101960 | Depths:3 | Found a gateway to a ziggurat.
102275 | Depths:3 | Reached skill level 23 in Spellcasting
102582 | Depths:3 | Received a gift from Sif Muna
102583 | Depths:3 | Identified Sif Muna's Incunabulum of Orientation and Summoning (Sif Muna gifted it to you on level 3 of the Depths)
102777 | Depths:3 | Found a one-way gate leading to the halls of Pandemonium.
102826 | Depths:3 | Reached XP level 23. HP: 137/137 MP: 48/48
103792 | Depths:3 | Found a one-way gate to the infinite horrors of the Abyss.
104162 | Depths:4 | Found Phughiug's Jewellery Emporium.
104166 | Depths:4 | Found Kluawimm's Food Shoppe.
104209 | Depths:5 | Entered Level 5 of the Depths
104212 | Depths:4 | Found Phuxa's Gadget Shop.
104267 | Depths:4 | Noticed Sojobo
104283 | Depths:5 | Killed Sojobo
104430 | Depths:4 | Got an ichor-stained halberd
104431 | Depths:4 | Identified the +6 halberd "Odaafex" {drain, rF- Dex+3} (You found it on level 4 of the Depths)
104727 | Depths:4 | Noticed Xtahua
105443 | Depths:4 | Found Zoqanyer's Antique Armour Shop.
105443 | Depths:4 | Found Sheunyvu's General Store.
105549 | Depths:4 | Bought a glowing helmet for 220 gold pieces
105650 | Depths:4 | Received a gift from Sif Muna
105661 | Depths:4 | Paralysed by a great orb of eyes for 4 turns
105836 | Depths:4 | HP: 6/138 [poison (dark miasma)]
106389 | Depths:4 | Killed Xtahua
107371 | Depths:4 | Received a gift from Sif Muna
107372 | Depths:4 | Identified Sif Muna's Papyrus of the Traveller (Sif Muna gifted it to you on level 4 of the Depths)
107787 | Depths:5 | Reached skill level 24 in Spellcasting
108026 | Depths:5 | Found a radiant altar of Vehumet.
108028 | Depths:5 | Found a deep blue altar of Sif Muna.
108028 | Depths:5 | Found a deep blue altar of Sif Muna.
108400 | Depths:5 | Reached XP level 24. HP: 144/144 MP: 48/48
108584 | Depths:5 | Noticed Boris
109007 | Depths:5 | Received a gift from Sif Muna
109222 | Depths:5 | Found a gate to the Realm of Zot.
109413 | Depths:5 | Killed Boris
110454 | Depths:5 | Received a gift from Sif Muna
111855 | Orc:4    | Bought a book of Enchantments for 750 gold pieces
111862 | Orc:4    | Learned a level 6 spell: Haste
112029 | Lair:2   | Learned a level 1 spell: Freeze
112330 | Vaults:5 | Entered Level 5 of the Vaults
112332 | Vaults:5 | Reached skill level 1 in Ice Magic
112332 | Vaults:5 | Received a gift from Sif Muna
112332 | Vaults:5 | Reached skill level 25 in Spellcasting
112332 | Vaults:5 | Reached XP level 25. HP: 150/150 MP: 49/49
112521 | Vaults:5 | Reached skill level 5 in Ice Magic
112929 | Vaults:5 | Received a gift from Sif Muna
113326 | Vaults:5 | Noticed an ancient lich
113329 | Vaults:5 | Killed an ancient lich
113532 | Vaults:5 | Noticed an ancient lich
113533 | Vaults:5 | Killed an ancient lich
113667 | Vaults:5 | Received a gift from Sif Muna
113673 | Vaults:5 | Identified Sif Muna's Almanac of Evil (Sif Muna gifted it to you on level 5 of the Vaults)
113675 | Vaults:5 | Noticed an ancient lich
113678 | Vaults:5 | Killed an ancient lich
113965 | Vaults:5 | Reached skill level 26 in Spellcasting
114311 | Vaults:5 | Got a scorched pewter ring
114316 | Vaults:5 | Identified the ring of Nuelim {rF+ Dex-4 Slay+5} (You found it on level 5 of the Vaults)
114334 | Vaults:5 | Found Shakh's Assorted Antiques.
114344 | Vaults:5 | Bought a scroll of fear for 147 gold pieces
114500 | Vaults:5 | Gained mutation: You have sharp fingernails. [potion of beneficial mutation]
114556 | Vaults:5 | Identified the Compendium of Transmutation and Augmentations (You found it on level 5 of the Vaults)
114802 | Vaults:5 | Got a silver rune of Zot
115649 | Elf:3    | Entered Level 3 of the Elven Halls
115709 | Elf:3    | Reached XP level 26. HP: 157/157 MP: 45/50
115894 | Elf:3    | Got a jewelled quarterstaff
115895 | Elf:3    | Identified the cursed +0 quarterstaff "Jepheumo" {crush, MR+ Int+6} (You found it on level 3 of the Elven Halls)
116103 | Elf:3    | Received a gift from Sif Muna
116104 | Elf:3    | Identified Sif Muna's Incunabulum of Lucky Stolen Souls (Sif Muna gifted it to you on level 3 of the Elven Halls)
116420 | Elf:3    | Got an ancient short sword
116423 | Elf:3    | Identified the cursed +3 short sword "Smuan" {elec, rF+ rN+ MP+9 Int-2 SInv} (You took it off a deep elf priest on level 3 of the Elven Halls)
116760 | Elf:3    | Noticed casual's ghost (mighty GrFi)
116763 | Elf:3    | Killed casual's ghost
117199 | Elf:3    | Got a pitted quarterstaff
117211 | Elf:3    | Identified the cursed +0 quarterstaff "Erikup" {crush, +Inv Str+2 Stlth-} (You took it off a deep elf sorcerer on level 3 of the Elven Halls)
117674 | Elf:3    | Got a bloodstained whip
117675 | Elf:3    | Identified the +4 whip of True Grit {drain, rF+ Str+2} (You took it off a deep elf sorcerer on level 3 of the Elven Halls)
117719 | Elf:3    | Got a bound amber ring
117721 | Elf:3    | Identified the ring of Stianut {rN+ MR+} (You took it off a deep elf death mage on level 3 of the Elven Halls)
117997 | Elf:3    | Got a warped turquoise ring
118025 | Elf:3    | Identified the ring "Pseireet" {+Fly rC+ rN+ AC+3 Str+2 Dex-3} (You took it off a deep elf summoner on level 3 of the Elven Halls)
118114 | Elf:3    | Got a pair of steaming gloves
118125 | Elf:3    | Identified the +1 pair of gloves "Moen Plu" {Int+6} (You found it on level 3 of the Elven Halls)
118195 | Elf:3    | Identified Calejipu's Papyrus of Transmutation and Venom
118439 | Lair:2   | Learned a level 9 spell: Glaciate
118449 | Lair:2   | Learned a level 1 spell: Pain
118897 | Depths:5 | Reached skill level 10 in Ice Magic
118950 | Zot:1    | Entered Level 1 of the Realm of Zot
119004 | Zot:1    | Received a gift from Sif Muna
119042 | Zot:1    | Reached skill level 1 in Necromancy
120666 | Zot:1    | Received a gift from Sif Muna
120674 | Zot:1    | Identified Khufu's Compendium of Unholy Arts (Sif Muna gifted it to you on level 1 of the Realm of Zot)
121154 | Zot:2    | Reached skill level 5 in Necromancy
121751 | Zot:1    | Noticed an orb of fire
121754 | Zot:1    | Gained mutation: You tend to lose your temper in combat. [an orb of fire]
121755 | Zot:1    | Killed an orb of fire
121755 | Zot:1    | Reached XP level 27. HP: 106/163 MP: 33/50
121898 | Zot:1    | Reached skill level 27 in Spellcasting
122046 | Zot:1    | Received a gift from Sif Muna
122047 | Zot:1    | Identified Sif Muna's Tome of Sinister Magic (Sif Muna gifted it to you on level 1 of the Realm of Zot)
122323 | Hell     | Entered the Vestibule of Hell
122323 | Hell     | Noticed Geryon
122328 | Hell     | Killed Geryon
123176 | Hell     | Reached skill level 10 in Translocations
124292 | Hell     | Found a gateway to the Iron City of Dis.
124320 | Hell     | Received a gift from Sif Muna
124321 | Hell     | Identified Sif Muna's Disquisition on Spatial Execration (Sif Muna gifted it to you in the Vestibule of Hell)
124468 | Hell     | Found a gateway to the freezing wastes of Cocytus.
124594 | Hell     | Found a gateway to the decaying netherworld of Tartarus.
124686 | Hell     | Found a gateway to the ashen valley of Gehenna.
125107 | Lair:2   | Learned a level 7 spell: Controlled Blink
126688 | Zot:2    | Received a gift from Sif Muna
126855 | Zot:2    | Reached skill level 10 in Necromancy
127876 | Zot:4    | Slain by a golden dragon

Action                   |  1- 3 |  4- 6 |  7- 9 | 10-12 | 13-15 | 16-18 | 19-21 | 22-24 | 25-27 || total
-------------------------+-------+-------+-------+-------+-------+-------+-------+-------+-------++-------
Melee: Dagger            |    22 |    57 |   360 |   415 |   324 |     3 |       |       |       ||  1181
       Spear             |       |       |       |    98 |       |       |       |       |       ||    98
       Staff             |       |       |       |       |    31 |     5 |     8 |    14 |       ||    58
 Cast: Magic Dart        |    85 |   140 |   320 |   247 |    39 |    98 |       |       |       ||   929
       Call Imp          |     4 |       |       |     2 |       |       |       |       |       ||     6
       Mephitic Cloud    |     3 |    12 |    36 |    52 |    25 |     6 |       |       |       ||   134
       Conjure Flame     |     2 |     8 |    28 |    83 |    65 |     2 |       |       |       ||   188
       Repel Missiles    |       |     3 |     2 |     1 |       |       |       |       |       ||     6
       Blink             |       |     2 |     5 |    14 |    17 |    17 |     3 |     8 |     4 ||    70
       Lee's Rapid Decon |       |       |       |    57 |   289 |    89 |   147 |   169 |    47 ||   798
       Petrify           |       |       |       |    15 |    38 |       |       |       |       ||    53
       Lightning Bolt    |       |       |       |    21 |    37 |       |       |       |       ||    58
       Ignite Poison     |       |       |       |    12 |   130 |   232 |   134 |    16 |       ||   524
       Airstrike         |       |       |       |     3 |   179 |   116 |    81 |    36 |    34 ||   449
       Deflect Missiles  |       |       |       |     1 |       |     3 |     5 |     5 |     2 ||    16
       Bolt of Magma     |       |       |       |       |   217 |       |       |       |       ||   217
       Force Lance       |       |       |       |       |    89 |   107 |    50 |    45 |    26 ||   317
       Bolt of Fire      |       |       |       |       |    21 |   215 |   335 |   301 |   143 ||  1015
       Fireball          |       |       |       |       |     8 |   121 |    94 |    33 |     4 ||   260
       Iskenderun's Batt |       |       |       |       |       |    41 |       |       |       ||    41
       Ring of Flames    |       |       |       |       |       |    30 |    44 |    13 |    13 ||   100
       Poisonous Cloud   |       |       |       |       |       |       |    52 |     8 |       ||    60
       Summon Lightning  |       |       |       |       |       |       |     1 |       |       ||     1
       Lehudib's Crystal |       |       |       |       |       |       |    18 |    42 |    33 ||    93
       Shatter           |       |       |       |       |       |       |       |    24 |    56 ||    80
       Fire Storm        |       |       |       |       |       |       |       |    32 |   143 ||   175
       Haste             |       |       |       |       |       |       |       |     2 |    14 ||    16
       Glaciate          |       |       |       |       |       |       |       |       |    40 ||    40
       Controlled Blink  |       |       |       |       |       |       |       |       |     2 ||     2
Invok: Channel Energy    |       |       |       |    15 |    58 |    20 |    34 |    41 |    37 ||   205
       Forget Spell      |       |       |       |     2 |     3 |     1 |     1 |     1 |     4 ||    12
 Abil: Stop Flying       |       |       |       |       |       |     1 |       |       |       ||     1
       Evoke Flight      |       |       |       |       |       |     1 |       |       |       ||     1
Evoke: Wand              |       |       |       |     2 |     1 |       |     3 |    16 |       ||    22
  Use: Scroll            |       |     3 |       |    26 |     6 |    18 |    11 |     5 |     7 ||    76
       Potion            |       |       |       |     5 |    12 |     1 |     8 |     7 |     1 ||    34
 Stab: Sleeping          |     2 |     3 |     9 |     4 |     2 |       |       |       |       ||    20
       Confused          |     1 |     5 |    10 |    10 |     2 |       |       |       |       ||    28
       Distracted        |       |       |       |     1 |       |       |       |       |       ||     1
  Eat: Chunk             |     5 |    10 |    20 |    42 |    72 |    23 |    30 |    45 |    23 ||   270
       Fruit             |       |       |     2 |     7 |     8 |    13 |    17 |    10 |    11 ||    68
       Pizza             |       |       |       |     1 |       |       |     1 |       |     3 ||     5
       Royal jelly       |       |       |       |       |     6 |       |     3 |       |       ||     9
       Beef jerky        |       |       |       |       |       |    15 |     1 |     1 |     1 ||    18
       Bread ration      |       |       |       |       |       |     6 |     6 |     2 |     3 ||    17
       Meat ration       |       |       |       |       |       |       |       |     1 |     1 ||     2
